 Dungeon Crawl Stone Soup version 0.32-a0-673-g3729bd50f8 (webtiles) character file.

Game seed: 16592594890660669419

83 whatisthis the Trooper (level 4, -1/29 HPs)
             Began as a Demonspawn Chaos Knight on Mar 11, 2024.
             Was a Plaything of Xom.
             Succumbed to an orc's poison
             ... on level 3 of the Dungeon.
             The game lasted 00:04:27 (2400 turns).

whatisthis the Trooper (Demonspawn Chaos Knight)    Turns: 2400, Time: 00:04:29

Health: -1/29      AC:  3    Str: 12 (14) XL:     4   Next: 22%
Magic:  4/4        EV: 11    Int: 18 (20) God:    Xom [..*...]
Gold:   133        SH:  0    Dex:  8 (9)  Spells: 3/3 levels left

rFire   + . .        a - +0 spear (chaos)
rCold   . . .        (no shield)
rNeg    . . .        b - +2 leather armour
rPois   .            (no helmet)
rElec   .            (no cloak)
rCorr   .            (no gloves)
SInv    .            (no boots)
Will    .....        (no amulet)
Stlth   +            (no ring)
HPRegen 0.24/turn    (no ring)
MPRegen 0.09/turn

%: no passive effects
@: lethally poisoned (-1 -> -23), unable to read
A: big brain 2, clever 1, clumsy 1, deformed body, deterioration 1, fire
resistance 1, frail 2, inability to read after injury 1, persistent drain
a: Renounce Religion


You were on level 3 of the Dungeon.
You worshipped Xom.
You were a toy of Xom.
You visited 1 branch of the dungeon, and saw 3 of its levels.

You collected 133 gold pieces.

Inventory:

Hand Weapons
 a - a +0 spear of chaos (weapon)
Missiles
 j - 2 poisoned darts (quivered)
Armour
 b - a +2 leather armour (worn)
Wands
 g - a wand of flame (5)
 l - a wand of light (3)
Scrolls
 c - a scroll of butterflies
 d - 3 scrolls of poison {unknown}
 e - 4 scrolls of identify {unknown}
 h - a scroll of fog {unknown}
 i - 2 scrolls of noise {unknown}
 k - a scroll of silence {unknown}
 n - a scroll of enchant armour {unknown}
 o - a scroll of fear {unknown}
Potions
 f - a potion of attraction {unknown}
 m - a potion of brilliance {unknown}


   Skills:
 + Level 3.8 Fighting
 + Level 3.4 Polearms
 + Level 2.7 Armour
 - Level 0.8 Dodging


You had 3 spell levels left.
You didn't know any spells.
Your spell library contained the following spells:

 Spells                   Type           Power      Damage    Failure   Level
 Conjure Ball Lightning   Conj/Air       0%         3x3d6     100%        6
 Discord                  Hex            0%         N/A       100%        8
 Disjunction              Tloc           0%         N/A       100%        8


Dungeon Overview and Level Annotations

Branches:
Dungeon (3/15)

Altars:

Annotations:
D:3 1 runed translucent door


Innate Abilities, Weirdness & Mutations

You have an extremely huge brain. (Int +4)
Your mind is acute. (Int +4, Str/Dex -1)
You are clumsy. (Dex -2)
Armour fits poorly on your strangely shaped body.
Your body sometimes deteriorates upon taking damage.
Your flesh is heat resistant. (rF+)
You are very frail. (-20% HP)
You occasionally lose the ability to read scrolls when taking damage.
Your health recovers twice as slowly from being drained.


Message History

The adder closely misses you.
Unknown command.
You closely miss the adder.
The adder is severely wounded.
The adder barely misses you. The adder closely misses you.
You strike the helpless adder from behind!
You hit the adder.
The acid corrodes the adder!
The adder is severely wounded.
The adder misses you.
You closely miss the adder.
The adder is severely wounded.
The adder barely misses you.
You hit the adder.
The adder seems to grow stronger.
The adder is almost dead.
The adder bites you but does no damage.
You closely miss the adder.
The adder is almost dead.
The adder barely misses you.
You closely miss the adder.
The adder is almost dead.
The adder barely misses you. x2
You strike the helpless adder from behind!
You hit the adder.
The adder seems to slow down.
You freeze the adder.
You kill the adder!
You closely miss the orc.
The orc hits you with a +3 flail of venom.
You are poisoned.
You barely miss the orc.
You feel sick.
The orc hits you with a +3 flail of venom.
* * * LOW HITPOINT WARNING * * *
You are more poisoned.
Aiming: Bolt of Light
Press: ? - help, Shift-Dir - straight line The bolt of light hits the orc!
You kill the orc!
The bolt of light hits the orc.
The orc is heavily wounded.
The orc is blinded.
You die...
Xom howls with laughter!

#..#.#.# #..#.#.##
####.......#
#.......#..
.....S..#..
#.###.#.#.# # #
#.#.# .#
#.#.####..#
#...o)@...#
o......$..####.....
.....####.... ...
...## ###### # ##


You could see an orc (blind, unable to see you).

Vanquished Creatures
  3 adders
  A dart slug (D:1)
  A ribbon worm (D:2)
  2 orcs (D:3)
  5 endoplasms
  A giant cockroach (D:2)
  7 goblins
  5 hobgoblins
  4 jackals (D:1)
  3 quokkas
  3 ball pythons
  A bat (D:3)
  2 frilled lizards (D:2)
  5 kobolds
  5 rats
48 creatures vanquished.

Notes
Turn   | Place    | Note
-------+----------+-------------------------------------------
     0 | D:1      | whatisthis the Demonspawn Chaos Knight began the quest for
                  | the Orb.
     0 | D:1      | Reached XP level 1. HP: 18/18 MP: 1/1
   222 | D:1      | Found a faded altar of an unknown god.
   281 | D:1      | Gained mutation: You have an unusually large brain. (Int
                  | +2) [demonic ancestry]
   281 | D:1      | Reached XP level 2. HP: 24/24 MP: 2/2
   337 | D:1      | XOM: divination: detect creatures
   341 | D:1      | XOM: noise
   503 | D:1      | XOM: give mutations
   503 | D:1      | Gained mutation: Armour fits poorly on your strangely
                  | shaped body. [Xom's mischief]
   503 | D:1      | Gained mutation: Your mind is acute. (Int +4, Str/Dex -1)
                  | [Xom's mischief]
   503 | D:1      | Gained mutation: You are strong-willed. (Will+) [Xom's
                  | mischief]
   503 | D:1      | Gained mutation: Your health recovers twice as slowly from
                  | being drained. [Xom's mischief]
   515 | D:1      | XOM: 6-stop teleportation journey
  1252 | D:2      | XOM: give mutations
  1252 | D:2      | Gained mutation: Your body sometimes deteriorates upon
                  | taking damage. [Xom's mischief]
  1252 | D:2      | Lost mutation: You are strong-willed. (Will+) [Xom's
                  | mischief]
  1252 | D:2      | Gained mutation: Your flesh is heat resistant. (rF+) [Xom's
                  | mischief]
  1252 | D:2      | Gained mutation: You are clumsy. (Dex -2) [Xom's mischief]
  1309 | D:2      | Gained mutation: You have an extremely huge brain. (Int +4)
                  | [demonic ancestry]
  1309 | D:2      | Reached XP level 3. HP: 29/29 MP: 3/3
  1337 | D:2      | XOM: stat loss: -1 Int (19/20)
  1513 | D:2      | XOM: give mutations
  1513 | D:2      | Gained mutation: You are frail. (-10% HP) [Xom's mischief]
  1513 | D:2      | Gained mutation: You are very frail. (-20% HP) [Xom's
                  | mischief]
  1513 | D:2      | Gained mutation: You occasionally lose the ability to read
                  | scrolls when taking damage. [Xom's mischief]
  1727 | D:2      | XOM: summons 2 hostile demons
  2303 | D:3      | Reached XP level 4. HP: 20/29 MP: 4/4
  2380 | D:3      | Found a runed translucent door.
  2380 | D:3      | XOM: 3-stop teleportation journey
  2400 | D:3      | Succumbed to an orc's poison

Illustrated notes

Levels and vault maps discovered:
D:1:      dpeg_arrival_signposts, layout_loops_corners,
          shapermc_ecumenical_altar_petra, wad_floor_pattern_untrapped
D:2:      layout_loops_ring
D:3:      layout_loops_ring, lemuel_crystal_altar, mainiacjoe_overflow_alcove_4,
          fedhas_altar_1, uniq_crazy_yiuf_cottage

Skill      XL: |  1  2 |
---------------+-------+-----
Armour         | 2 |  2.7
Polearms       | 3 |  3.4
Fighting       | |  3.8
Dodging        | |  0.8

Action                     |  1- 3 |  4- 6 || total
---------------------------+-------+-------++-------
  Melee: Spear             |   160 |    19 ||   179
  Evoke: Wand              |       |     2 ||     2
   Stab: Paralysed         |     1 |       ||     1
         Confused          |     3 |       ||     3
         Invisible         |       |     2 ||     2
 Armour: Leather armour    |    70 |    20 ||    90
  Dodge: Dodged            |    78 |    14 ||    92

Table legend: (Time is in decaauts)
 A = Elapsed time spent in this place.
 B = Non-inter-level travel time spent in this place.
 C = Inter-level travel time spent in this place.
 D = Time resting spent in this place.
 E = Time spent auto-exploring this place.
 F = Levels seen in this place.
 G = Mean time per level.
                   A        B        C        D        E       F      G
               +--------+--------+--------+--------+--------+-----+--------+
         Total |   2389 |   2267 |    122 |      3 |   1865 |   3 |  796.3 |
       Dungeon |   2389 |   2267 |    122 |      3 |   1865 |   3 |  796.3 |
               +--------+--------+--------+--------+--------+-----+--------+

Top non-repeatable levels by time:
     D:1: 1151 daAuts
     D:2: 940 daAuts
     D:3: 297 daAuts
